 Dungeon Crawl Stone Soup version 0.26-a0-1191-ge2a0e31ab3 (webtiles) character file.

Game seed: 2032424102473174772

60225 Mesmaeker13 the Reanimator (level 14, -4/95 HPs)
             Began as a Mummy Necromancer on Dec 28, 2020.
             Was a High Priest of Nemelex Xobeh.
             Slain by a stone giant (25 damage)
             ... on level 2 of the Orcish Mines.
             The game lasted 01:13:18 (31395 turns).

Mesmaeker13 the Reanimator (Mummy Necromancer)     Turns: 31395, Time: 01:13:18

Health: -4/95      AC: 14    Str: 12    XL:     14   Next: 56%
Magic:  16/35      EV: 17    Int: 27    God:    Nemelex Xobeh [*****.]
Gold:   2511       SH:  7    Dex: 15    Spells: 7/30 levels left

rFire    . . .     SeeInvis .   A - +4 falchion of Axevvut {vorpal, Int+9}
rCold    + . .     Faith    .   B - +2 buckler
rNeg     + + +     Spirit   .   u - +1 acid dragon scales
rPois    ∞         Reflect  .   k - +2 helmet
rElec    .         Harm     .   s - +0 cloak
rCorr    +         Rampage  .   (no gloves)
Will     +....                  g - +0 pair of boots
Stlth    +++.......             I - amulet of Omiy {RegenMP Dex+2 Stlth+}
HPRegen  0.25/turn              F - ring of protection from fire
MPRegen  0.49/turn              r - ring of magical power

@: studying Crossbows
A: no potions, fire vulnerability, cold resistance 1, negative energy resistance
3, torment resistance, unbreathing, in touch with death 1
a: Renounce Religion, Draw Escape, Draw Destruction, Draw Summoning, Triple
Draw, Deal Four, Stack Five


You were on level 2 of the Orcish Mines.
You worshipped Nemelex Xobeh.
Nemelex Xobeh was extremely pleased with you.
You visited 4 branches of the dungeon, and saw 21 of its levels.
You also visited: Sewer.

You collected 2511 gold pieces.

Inventory:

Hand Weapons
 j - the +5 whip of Starshine {flame, *Drain Str+10}
   (You found it on level 4 of the Lair of Beasts)

   It has been specially enchanted to burn those struck by it, causing extra
   injury to most foes and up to half again as much damage against particularly
   susceptible opponents.
   It affects your strength (+10).
   It causes draining when unequipped.
 A - the +4 falchion of Axevvut (weapon) {vorpal, Int+9}
   (You found it on level 8 of the Dungeon)

   It inflicts extra damage upon your enemies.
   It affects your intelligence (+9).
Missiles
 o - 16 javelins (quivered)
 q - a poisoned dart
Armour
 g - a +0 pair of boots (worn)
 k - a +2 helmet (worn)
 s - a +0 cloak (worn)
 u - +1 acid dragon scales (worn)
 x - the +4 ring mail of Utujuun {rN+ Regen+ Dex-2}
   (You found it on level 3 of the Lair of Beasts)

   It affects your dexterity (-2).
   It protects you from negative energy.
   It increases your rate of regeneration.
 B - a +2 buckler (worn)
 H - a +0 kite shield
Jewellery
 n - a +6 ring of strength
 r - a ring of magical power (right hand)
 F - a ring of protection from fire (left hand)
 I - the amulet of Omiy (around neck) {RegenMP Dex+2 Stlth+}
   (You acquired it on level 11 of the Dungeon)

   [amulet of magic regeneration]

   It increases your magic regeneration.
   It affects your dexterity (+2).
   It makes you more stealthy.
Wands
 w - a wand of paralysis (19)
 J - a wand of acid (3)
Scrolls
 b - 2 scrolls of noise
 c - 5 scrolls of amnesia
 d - 3 scrolls of enchant weapon
 e - 5 scrolls of magic mapping
 f - 2 scrolls of immolation
 h - 6 scrolls of teleportation
 i - 9 scrolls of remove curse
 l - 7 scrolls of fog
 m - 3 scrolls of blinking
 p - a scroll of enchant armour
 t - a scroll of summoning
 y - a scroll of vulnerability
 E - 2 scrolls of identify
 G - a scroll of torment
Books
 z - a manual of Crossbows
Miscellaneous
 a - a phantom mirror (inert)
 D - a phial of floods (inert)


   Skills:
 - Level 4.1 Fighting
 - Level 7.0 Armour
 + Level 9.1 Dodging
 - Level 1.5 Stealth
 - Level 4.0 Shields
 - Level 8.5 Spellcasting
 + Level 3.1 Conjurations
 + Level 14.6 Necromancy
 - Level 10.4 Ice Magic
 + Level 5.5 Invocations


You had 7 spell levels left.
You knew the following spells:

 Your Spells              Type           Power        Failure   Level
a - Pain                  Necr           100%         1%          1
b - Frozen Ramparts       Ice            100%         1%          3
c - Animate Dead          Necr           47%          1%          4
d - Vampiric Draining     Necr           47%          1%          3
e - Ozocubu's Armour      Ice            61%          1%          3
f - Agony                 Necr           94%          1%          5
g - Hailstorm             Conj/Ice       48%          4%          4

Your spell library contained the following spells:

 Spells                   Type           Power        Failure   Level
 Animate Skeleton         Necr           100%         1%          1
 Freeze                   Ice            100%         1%          1
 Magic Dart               Conj           100%         1%          1
 Shock                    Conj/Air       76%          3%          1
 Apportation              Tloc           22%          7%          1
 Corona                   Hex            12%          7%          1
 Summon Small Mammal      Summ           44%          7%          1
 Summon Ice Beast         Ice/Summ       39%          9%          4
 Blink                    Tloc           N/A          11%         2
 Call Imp                 Summ           11%          11%         2
 Slow                     Hex            11%          11%         2
 Swiftness                Air            11%          11%         2
 Conjure Flame            Conj/Fire      19%          11%         3
 Static Discharge         Conj/Air       19%          11%         3
 Mephitic Cloud           Conj/Pois/Air  17%          14%         3
 Call Canine Familiar     Summ           11%          22%         3
 Summon Guardian Golem    Hex/Summ       11%          22%         3
 Airstrike                Air            5%           56%         4
 Summon Lightning Spire   Summ/Air       11%          56%         4
 Lightning Bolt           Conj/Air       9%           71%         5


Dungeon Overview and Level Annotations

Branches:
Dungeon (12/15)            Temple (1/1) D:7            Lair (6/6) D:9
 Shoals (0/4) Lair:2        Snake (0/4) Lair:2        Slime (0/5) Lair:6
    Orc (2/2) D:11            Elf (0/3) Orc:2         Sewer (visited)

Altars:
Ashenzari
Cheibriados
Dithmenos
Elyvilon
Fedhas
Gozag
Hepliaklqana
Kikubaaqudgha
Makhleb
Nemelex Xobeh
Okawaru
Qazlal
Ru
Sif Muna
Trog
Uskayaw
Vehumet
Wu Jian
Xom
Yredelemnul
Zin
The Shining One
Jiyva

Shops:
D:7 ?   D:8 !   D:10 (   D:12 =

Annotations:
D:4 1 runed translucent door
D:6 1 exclusion
Lair:6 1 runed translucent door, 2 exclusions, NagaOnly2020's ghost, adept NaEE


Innate Abilities, Weirdness & Mutations

You do not drink.
Your flesh is vulnerable to fire.
You are immune to poison.
Your flesh is cold resistant. (rC+)
You are immune to negative energy. (rN+++)
You are immune to unholy pain and torment.
You can survive without breathing.
You are in touch with the powers of death.


Message History

Aiming: Agony (mildly dangerous; 1% risk of failure)
Press: ? - help, Shift-Dir - straight line, f - stone giant
Aim: a stone giant, quivering 2 large rocks (chance to affect: 81%)
You feel a surge of power!
The stone giant convulses!
Your centaur zombie barely misses the stone giant.
Your centaur zombie hits the stone giant but does no damage.
The stone giant hits you!
* * * LOW HITPOINT WARNING * * *
Casting: Agony (mildly dangerous; 1% risk of failure)
Confirm with . or Enter, or press ? or * to list all spells.
Aiming: Vampiric Draining (safe; 1% risk of failure)
Press: ? - help, Shift-Dir - straight line, f/p - stone giant
Aim: a stone giant, quivering 2 large rocks (heavily wounded)
You feel a surge of power!
The stone giant is severely wounded.
You feel life coursing into your body!
Your centaur zombie hits the stone giant but does no damage.
The stone giant hits you!!
You die...
Your body glows with a rainbow of weird colours and disappears.

.....≈≈≈≈#### #≈≈ ≈...
......≈≈≈≈### ###≈≈≈≈....
........≈≈≈≈## ##≈≈≈≈..cc..
..........≈≈≈# #≈≈≈.. .....
#..........≈≈# #≈≈........
##..##..##...###...##..##..
...........................
................C.((.......
...............Z@.##.......
........#.......)## #.###..
.......#........((# ##
......###.##.)(.(##
...#....####...()#####
..##.....##.....)((..##
..#.....##...#.#(...(.#
...#.######.#####...(##
..#### ### ##.###


You could see a stone giant and a friendly centaur zombie.

Vanquished Creatures
  A hydra (Lair:6)
  2 catoblepae (Lair:6)
  A two-headed ogre (D:11)
  8 death yaks
  Urug (Orc:1)
  An unseen horror (D:11)
  A lindwurm (Lair:5)
  4 orc knights
  2 manticores (Lair:6)
  An ugly thing (D:11)
  14 elephants
  4 black mambas
  19 cane toads
  Maggie (D:6)
  4 rime drakes
  4 komodo dragons
  3 trolls
  A hornet (D:11)
  A polar bear (Lair:4)
  Grinder (D:4)
  5 dream sheep (Lair:6)
  13 blink frogs
  A snapping turtle (Lair:2)
  A wraith (D:11)
  4 wyverns
  54 yaks
  Eustachio (D:6)
  3 hogs
  Grum (Lair:1)
  2 basilisks
  10 wargs
  2 hell hounds (Lair:2)
  3 swamp worms (Lair:4)
  25 water moccasins
  Duvessa (D:7)
  33 orc warriors
  6 ice beasts
  A phantom (D:6)
  A sky beast (D:9)
  A necrophage (D:8)
  2 black bears
  11 ogres
  4 wolves
  22 centaurs
  4 big kobolds
  21 bullfrogs
  Dowan (D:7)
  A gnoll sergeant (D:5)
  A wyvern skeleton (D:10)
  2 water moccasin skeletons
  4 scorpions
  13 killer bees
  3 wights (D:6)
  2 electric eels
  2 bullfrog zombies
  A quasit (D:7)
  10 hounds
  3 jellies
  11 orc priests
  A bullfrog skeleton (D:11)
  Crazy Yiuf (D:3)
  An iguana (D:4)
  Ijyb (D:3)
  Natasha (thrice) (D:2)
  13 orc wizards
  11 worker ants
  2 hound zombies
  A hound skeleton (D:7)
  A howler monkey zombie (D:8)
  3 gnolls
  11 adders
  3 shadow imps
  A white imp (D:8)
  4 ufetubi
  2 oozes
  2 adder zombies
  2 worms (D:3)
  5 dart slugs
  9 leopard geckos
  70 orcs
  6 giant cockroaches
  5 hobgoblins
  14 jackals
  2 quokkas
  8 ball pythons (Sewer)
  A ball python zombie (D:5)
  7 bats
  8 frilled lizards
  14 goblins
  27 kobolds
  A leopard gecko skeleton (D:6)
  35 rats
635 creatures vanquished.

Vanquished Creatures (collateral kills)
  Kirke (Lair:5)
  A hydra (Lair:5)
  A catoblepas (Lair:6)
  3 skeletal warriors (D:11)
  An orc knight (Orc:1)
  An ugly thing (D:12)
  An elephant (Lair:5)
  A black mamba (Lair:6)
  A cane toad (Lair:5)
  A troll (Orc:2)
  5 yaks
  A hog (Lair:6)
  A warg (Orc:1)
  2 orc warriors
  A centaur (D:11)
  2 ogres
  A bullfrog (D:7)
  A wyvern skeleton (D:9)
  An orc priest (D:9)
  An orc wizard (Orc:1)
  An adder (D:10)
  A river rat (Sewer)
  An ooze (Sewer)
  3 orcs
  A quokka (D:7)
  A ball python (Sewer)
  2 rats (Sewer)
38 creatures vanquished.

Vanquished Creatures (others)
  A polar bear (Lair:6)
  A yak (Lair:2)
  3 humans (Lair:6)
  A centaur (Lair:2)
  An orc (D:7)
  A bush (Lair:6)
  65 fungi
  69 plants
142 creatures vanquished.

Grand Total: 815 creatures vanquished

Notes
Turn   | Place    | Note
-------+----------+-------------------------------------------
     0 | D:1      | Mesmaeker13 the Mummy Necromancer began the quest for the
                  | Orb.
     0 | D:1      | Reached XP level 1. HP: 13/13 MP: 4/4
   437 | D:1      | Reached XP level 2. HP: 19/19 MP: 0/6
  1139 | D:1      | Reached XP level 3. HP: 24/24 MP: 2/7
  1525 | D:2      | Learned a level 1 spell: Animate Skeleton
  2117 | D:2      | Reached XP level 4. HP: 27/30 MP: 5/9
  2619 | D:3      | Noticed Natasha
  2642 | D:2      | Killed Natasha
  3327 | D:3      | Found a runed translucent door.
  3403 | D:3      | Noticed Ijyb
  3489 | D:2      | Noticed Natasha
  3497 | D:2      | Killed Natasha
  3498 | D:2      | Reached XP level 5. HP: 35/35 MP: 8/11
  3841 | D:2      | Noticed Natasha
  3848 | D:2      | Killed Natasha
  3849 | D:2      | Reached skill level 5 in Necromancy
  4149 | D:3      | Killed Ijyb
  4419 | D:4      | Learned a level 4 spell: Animate Dead
  4511 | D:4      | Found a white marble altar of Elyvilon.
  4581 | D:4      | Found a glowing silver altar of Zin.
  4582 | D:4      | Found a runed translucent door.
  4582 | D:4      | Noticed an angel
  4603 | D:4      | Reached skill level 5 in Spellcasting
  4603 | D:4      | Reached XP level 6. HP: 23/41 MP: 6/13
  4750 | D:4      | Found a glowing drain.
  4760 | Sewer    | Entered a sewer
  5726 | Sewer    | Reached XP level 7. HP: 43/46 MP: 15/15
  5859 | D:4      | You fall into a shaft and drop 2 floors!
  5868 | D:6      | Reached skill level 6 in Necromancy
  5873 | D:5      | Entered Level 5 of the Dungeon
  5891 | D:6      | Noticed Maggie
  5981 | D:6      | HP: 1/46 [Maggie/bolt of fire (33)]
  5982 | D:6      | Killed Maggie
  6351 | D:6      | Learned a level 3 spell: Vampiric Draining
  6463 | D:6      | Reached XP level 8. HP: 50/52 MP: 9/18
  6671 | D:6      | Reached skill level 7 in Necromancy
  6817 | D:6      | Noticed Eustachio
  6829 | D:6      | Killed Eustachio
  6830 | D:6      | Reached skill level 5 in Dodging
  7505 | D:5      | Found a broken altar of Ashenzari.
  8440 | D:4      | Noticed Grinder
  8545 | D:4      | Killed Grinder
  8813 | D:4      | Found a burning altar of Makhleb.
  9033 | D:3      | Noticed Crazy Yiuf
  9039 | D:3      | Killed Crazy Yiuf
  9169 | D:3      | Learned a level 3 spell: Frozen Ramparts
  9523 | D:6      | Found a hazy altar of Hepliaklqana.
  9531 | D:6      | Reached XP level 9. HP: 54/57 MP: 21/21
  9543 | D:6      | Reached skill level 8 in Necromancy
  9692 | D:6      | Reached skill level 1 in Ice Magic
 10036 | D:7      | Found a staircase to the Ecumenical Temple.
 10050 | Temple   | Entered the Ecumenical Temple
 10315 | Temple   | Became a worshipper of Nemelex Xobeh the Trickster
 10824 | D:7      | Found Wozomusmun's Magic Scroll Emporium.
 10824 | D:7      | Noticed Duvessa
 10863 | D:7      | Got a distressingly furry robe
 10874 | D:7      | Identified the +1 robe of Howling Wind {rElec rF- rC++
                  | Str+4} (You found it on level 7 of the Dungeon)
 10922 | D:7      | Noticed Dowan
 10924 | D:7      | Killed Duvessa
 10929 | D:7      | Killed Dowan
 11375 | D:8      | Reached skill level 9 in Necromancy
 11640 | D:8      | Reached * piety under Nemelex Xobeh
 11646 | D:8      | Found Qustaoch's Distillery.
 11999 | D:8      | Got a glimmering falchion
 12000 | D:8      | Identified the +4 falchion of Axevvut {vorpal, Int+9} (You
                  | found it on level 8 of the Dungeon)
 12096 | D:8      | Found a shimmering altar of Xom.
 12152 | D:8      | Found a shimmering altar of Xom.
 12159 | D:8      | Found a snail-covered altar of Cheibriados.
 12160 | D:8      | Found a shimmering blue altar of Sif Muna.
 12163 | D:8      | Found a sacrificial altar of Ru.
 12265 | D:9      | Reached XP level 10. HP: 63/63 MP: 22/22
 12682 | D:9      | Found a staircase to the Lair.
 13009 | D:9      | Reached skill level 1 in Fighting
 13351 | D:9      | Reached skill level 10 in Necromancy
 13356 | D:9      | Received a gift from Nemelex Xobeh
 13424 | D:9      | Reached skill level 5 in Ice Magic
 13948 | D:10     | Entered Level 10 of the Dungeon
 14289 | D:10     | Found Hisagoar's Weapon Shoppe.
 14301 | D:10     | Reached ** piety under Nemelex Xobeh
 14515 | D:10     | Reached XP level 11. HP: 58/76 MP: 23/23
 14603 | D:10     | Received a gift from Nemelex Xobeh
 15279 | Lair:1   | Entered Level 1 of the Lair of Beasts
 15284 | Lair:1   | Learned a level 3 spell: Ozocubu's Armour
 15407 | Lair:1   | Noticed Grum
 15418 | Lair:1   | Killed Grum
 15598 | Lair:1   | Reached skill level 1 in Shields
 16110 | Lair:1   | Reached skill level 11 in Necromancy
 17453 | Lair:2   | Reached *** piety under Nemelex Xobeh
 17646 | Lair:2   | Found a staircase to the Snake Pit.
 17655 | Lair:2   | Found a staircase to the Shoals.
 18152 | Lair:2   | Found a glowing silver altar of Zin.
 18420 | Lair:2   | Reached XP level 12. HP: 83/83 MP: 22/24
 18733 | Lair:2   | Received a gift from Nemelex Xobeh
 18746 | Lair:2   | Got a faintly glowing leather armour
 18758 | Lair:2   | Identified the +1 leather armour "Ozifix" {rN++ Will+ rCorr
                  | MP-9} (You found it on level 2 of the Lair of Beasts)
 19106 | Lair:3   | Reached skill level 12 in Necromancy
 19194 | Lair:3   | Reached skill level 1 in Armour
 19265 | Lair:3   | Got a bronze ring mail
 19268 | Lair:3   | Received a gift from Nemelex Xobeh
 19525 | Lair:3   | Reached **** piety under Nemelex Xobeh
 19711 | Lair:3   | Received a gift from Nemelex Xobeh
 19966 | Lair:4   | Learned a level 5 spell: Agony
 20363 | Lair:4   | Got a shimmering whip
 20478 | Lair:4   | Received a gift from Nemelex Xobeh
 20817 | Lair:4   | Reached ***** piety under Nemelex Xobeh
 20993 | Lair:4   | Received a gift from Nemelex Xobeh
 21273 | Lair:5   | Identified the +0 trident of Intimidation {drain, Str+3}
 21470 | Lair:5   | Noticed a death yak
 21470 | Lair:5   | Noticed a death yak
 21470 | Lair:5   | Noticed a death yak
 21522 | Lair:5   | Killed a death yak
 21963 | Lair:5   | Identified the +4 ring mail of Utujuun {rN+ Regen+ Dex-2}
                  | (You found it on level 3 of the Lair of Beasts)
 21998 | Lair:5   | Identified the +5 whip of Starshine {flame, *Drain Str+10}
                  | (You found it on level 4 of the Lair of Beasts)
 22378 | Lair:5   | Killed a death yak
 22385 | Lair:5   | Killed a death yak
 22386 | Lair:5   | Reached skill level 13 in Necromancy
 22826 | Lair:5   | Noticed a six-headed hydra
 22833 | Lair:5   | Killed a six-headed hydra
 22834 | Lair:5   | Gained mutation: You are in touch with the powers of death.
                  | [Mummy growth]
 22834 | Lair:5   | Reached XP level 13. HP: 88/88 MP: 25/25
 23022 | Lair:6   | Entered Level 6 of the Lair of Beasts
 23023 | Lair:6   | Noticed Kirke
 23053 | Lair:5   | Killed Kirke
 23054 | Lair:5   | Reached skill level 5 in Armour
 23837 | Lair:6   | Found a runed translucent door.
 23839 | Lair:6   | Found a shimmering altar of Xom.
 23839 | Lair:6   | Noticed NagaOnly2020's ghost (adept NaEE)
 23914 | Lair:6   | Reached skill level 1 in Invocations
 24666 | Lair:6   | Reached skill level 10 in Ice Magic
 24785 | Lair:6   | Received a gift from Nemelex Xobeh
 24820 | Lair:6   | Found a staircase to the Slime Pits.
 24821 | Lair:6   | Found a viscous altar of Jiyva.
 25660 | Lair:6   | Reached skill level 14 in Necromancy
 25912 | Lair:6   | Reached XP level 14. HP: 53/95 MP: 7/26
 26663 | D:11     | Learned a level 4 spell: Hailstorm
 26882 | D:11     | Received a gift from Nemelex Xobeh
 27114 | D:11     | Found a staircase to the Orcish Mines.
 27297 | D:11     | You fall into a shaft and drop 1 floor!
 27300 | D:12     | Found Losinwup's Jewellery Shop.
 27371 | D:12     | Identified a scroll of acquirement
 27681 | D:11     | Reached skill level 1 in Conjurations
 27754 | D:11     | Received a gift from Nemelex Xobeh
 28740 | D:11     | Acquired the amulet of Omiy {RegenMP Dex+2 Stlth+}
 29001 | Orc:1    | Entered Level 1 of the Orcish Mines
 29335 | Orc:1    | Noticed Urug
 29348 | Orc:1    | Killed Urug
 29458 | Orc:1    | Reached skill level 5 in Invocations
 29706 | Orc:2    | Entered Level 2 of the Orcish Mines
 29992 | Orc:2    | Received a gift from Nemelex Xobeh
 30822 | Orc:2    | Found a staircase to the Elven Halls.
 31380 | Orc:2    | Noticed a stone giant
 31395 | Orc:2    | Slain by a stone giant

Illustrated notes

Levels and vault maps discovered:
D:1:      wheals_arrival_shading, layout_basic, st_stairs_13,
          chequers_mini_garden
D:2:      layout_loops_corners, minmay_tetromino_s2
D:3:      layout_basic, kennysheep_generic_room_12, uniq_natasha, uniq_ijyb,
          uniq_crazy_yiuf_cottage
D:4:      layout_rooms, kennysheep_mini, nicolae_overflow_crystal_walls,
          gup_sewer_entry_bubbles, lemuel_angel_altar, uniq_grinder
D:5:      layout_cave_pools, evilmike_ruin_ashenzari, serial_co_window_serial,
          co_window_paths_b, co_window_paths_b, co_window_paths_a,
          co_window_paths_a, co_window_cross_1, co_window_paths_a,
          co_window_broadway_b, co_window_2corner, co_window_broadway_b,
          co_window_of_opportunity_b, co_window_corner_b,
          co_window_of_opportunity_c, co_window_broadway_a, glass_columns_c,
          glass_columns_a, glass_columns_a, glass_columns_b
D:6:      layout_basic, lemuel_round_altar, kennysheep_generic_room_10,
          uniq_maggie, uniq_eustachio
D:7:      layout_loops_cross, temple_fountains, serial_shops, shop, uniq_duvessa
D:8:      layout_rooms, minitemple, basic_altar, serial_shops, shop,
          minmay_manual_mares
D:9:      layout_roguey, erik_lair_orcish_takeover
D:10:     layout_long_grid, serial_shops, shop_statue
D:11:     layout_small_grid, erik_orc_2, fungi_pond_lemuel, roderic_lattice_a,
          minmay_puff
D:12:     layout_layer_cave, serial_shops, shop, uniq_frances, uniq_gastronok
Temple:   minmay_temple_curvy_branch
Lair:1:   layout_small_grid, uniq_grum
Lair:2:   layout_gridlike, minmay_shoals_entry_hut, dummy_snake_entry,
          enter_volcano_3, gauntlet_entry_generic, lemuel_centaur_altar,
          infiniplex_staircase_pool_2
Lair:3:   layout_regular_city
Lair:4:   layout_cave_pods, worms_lemuel
Lair:5:   layout_cave_pods, grunt_forest_small_clearing_treed
Lair:6:   evilmike_catoblepas_cave, layout_loops_ring, slime_altar_1,
          ebering_ghost_xom, uniq_kirke
Orc:1:    layout_caves, mines5_lemuel, uniq_urug
Orc:2:    st_orc_rangers, layout_caves, nicolae_orc_crystal_geode

Skill      XL: |  1  2  3  4  5  6  7  8  9 10 11 12 13 14 |
---------------+-------------------------------------------+-----
Spellcasting   | 3 4 5 7 8 |  8.5
Dodging        | 2 3 4 5 7 8 9 |  9.1
Necromancy     | 5 6 7 9 10 11 13 14 | 14.6
Ice Magic      | 3 5 7 9 10 | 10.4
Fighting       | 3 4 |  4.1
Shields        | 4 |  4.0
Armour         | 4 6 7 |  7.0
Invocations    | 3 5 |  5.5
Conjurations   | 3 |  3.1
Stealth        | |  1.5

Action                   |  1- 3 |  4- 6 |  7- 9 | 10-12 | 13-15 || total
-------------------------+-------+-------+-------+-------+-------++-------
Melee: Whip              |     4 |     6 |       |       |       ||    10
       Dagger            |       |    30 |    83 |       |       ||   113
       Quarterstaff      |       |       |    17 |       |       ||    17
       Spear             |       |       |   147 |       |       ||   147
       Falchion          |       |       |       |   243 |   281 ||   524
Throw: Dart              |       |     3 |       |       |       ||     3
       Javelin           |       |       |     3 |       |       ||     3
 Cast: Pain              |    73 |   159 |   177 |   298 |   229 ||   936
       Animate Skeleton  |     1 |     6 |     2 |       |       ||     9
       Animate Dead      |       |     5 |    10 |    23 |    41 ||    79
       Vampiric Draining |       |       |    26 |   105 |    90 ||   221
       Frozen Ramparts   |       |       |     4 |    39 |    48 ||    91
       Ozocubu's Armour  |       |       |       |    13 |    27 ||    40
       Agony             |       |       |       |     7 |    33 ||    40
       Hailstorm         |       |       |       |       |     6 ||     6
Invok: Draw Summoning    |       |       |       |     6 |     6 ||    12
       Draw Destruction  |       |       |       |     1 |     4 ||     5
Evoke: Wand              |       |    11 |    16 |    26 |    22 ||    75
       Phial of floods   |       |       |       |       |     1 ||     1
       Phantom mirror    |       |       |       |       |     1 ||     1
  Use: Scroll            |     2 |     3 |     6 |     7 |     7 ||    25
 Stab: Paralysed         |       |       |     9 |       |     8 ||    17
       Sleeping          |       |       |     2 |     2 |     1 ||     5
       Distracted        |       |       |     1 |       |     2 ||     3
Armor: Robe              |     4 |    36 |   107 |    51 |       ||   198
       Acid dragon scale |       |       |       |    42 |   183 ||   225
Dodge: Dodged            |    12 |   116 |   330 |   381 |   384 ||  1223
Block: Buckler           |       |       |       |   106 |   201 ||   307
       Rpst.: Falchion   |       |       |       |   114 |   111 ||   225

Table legend: (Time is in decaauts)
 A = Elapsed time spent in this place.
 B = Non-inter-level travel time spent in this place.
 C = Inter-level travel time spent in this place.
 D = Time resting spent in this place.
 E = Time spent auto-exploring this place.
 F = Levels seen in this place.
 G = Mean time per level.
                   A        B        C        D        E       F      G
               +--------+--------+--------+--------+--------+-----+--------+
         Total |  31833 |  30614 |   1219 |   8371 |  16056 |  22 | 1447.0 |
       Dungeon |  16580 |  15841 |    739 |   3795 |   8989 |  12 | 1381.7 |
        Temple |    287 |    266 |     21 |      0 |    238 |   1 |  287.0 |
          Lair |  11423 |  11015 |    408 |   2946 |   6083 |   6 | 1903.8 |
  Orcish Mines |   2417 |   2367 |     50 |    921 |    745 |   2 | 1208.5 |
         Sewer |   1125 |   1125 |      0 |    709 |      0 |   1 | 1125.0 |
               +--------+--------+--------+--------+--------+-----+--------+

Top non-repeatable levels by time:
  Lair:6: 2964 daAuts
  Lair:5: 2506 daAuts
    D:11: 2382 daAuts
  Lair:2: 2129 daAuts
     D:6: 2005 daAuts
     D:9: 1807 daAuts
     D:2: 1776 daAuts
  Lair:1: 1672 daAuts
     D:3: 1478 daAuts
     D:1: 1443 daAuts
     D:7: 1336 daAuts
    D:10: 1315 daAuts
   Orc:2: 1230 daAuts
   Orc:1: 1186 daAuts
     D:5: 1167 daAuts
